APL (24 & UNDER)
SAVANNAH HOGS @ SCOTTSDALE SCORPIONS
09/19/2029
 
TOP OF THE 1ST
Savannah Hogs batting - Pitching for Scottsdale Scorpions : RHP Héctor Martínez
Pitching: RHP Héctor Martínez
Batting: RHB Luis Mercado 0-0: Called Strike
0-1: Ball
1-1: Called Strike
1-2: SOLO HOME RUN (Flyball, 7D), Distance : 339 ft
Batting: LHB Alberto Castellanos 0-0: Called Strike
0-1: Ball
1-1: Ball
2-1: Ball
3-1: SINGLE (Line Drive, 34)
Batting: RHB Wilson Ortíz 0-0: Called Strike
0-1: Called Strike
0-2: Ball
Alberto Castellanos steals 2nd base
1-2: Ground out 4-3 (Groundball, 4)
Alberto Castellanos to third
Batting: RHB Lewis Childress 0-0: Called Strike
0-1: Ball
1-1: Foul Ball, location: 2F
1-2: Foul Ball, location: 2F
1-2: Ground out 5-3 (Groundball, 5L)
Batting: LHB António Gutiérrez 0-0: 2-RUN HOME RUN (Flyball, 9LD), Distance : 323 ft
Batting: RHB Jorge Chávez 0-0: Ball
1-0: Ball
2-0: Foul Ball, location: 2F
2-1: Ball
3-1: Foul Ball, location: 2F
3-2: Foul Ball, location: 2F
3-2: Base on Balls
Batting: RHB Gilberto Bautista 0-0: Ball
Jorge Chávez steals 2nd base
1-0: Called Strike
1-1: Ground out 5-3 (Groundball, 56)
Top of the 1st over - 3 runs, 3 hits, 0 errors, 1 left on base; Savannah 3 - Scottsdale 0
BOTTOM OF THE 1ST
Scottsdale Scorpions batting - Pitching for Savannah Hogs : RHP John Allen
Pitching: RHP John Allen
Batting: RHB Manny Moreno 0-0: SINGLE (Groundball, 56D)
Batting: RHB José Martínez 0-0: Ball
1-0: Called Strike
1-1: Called Strike
Manny Moreno is caught stealing 2nd base
1-2: Foul Ball, location: 2F
1-2: Foul Ball, location: 2F
1-2: Ball
2-2: Hit by Pitch
Batting: LHB Manny Vigil 0-0: Ball
1-0: Foul Ball, location: 2F
1-1: Foul Ball, location: 2F
1-2: Strikes out swinging
Batting: SHB Juan Gonzáles 0-0: Ball
José Martínez is caught stealing 2nd base
Bottom of the 1st over - 0 runs, 1 hit, 0 errors, 0 left on base; Savannah 3 - Scottsdale 0
TOP OF THE 2ND
Savannah Hogs batting - Pitching for Scottsdale Scorpions : RHP Héctor Martínez
Batting: RHB Richard Cardoza 0-0: Ball
1-0: Ground out 6-3 (Groundball, 56)
Batting: RHB António Rodríguez 0-0: Ball
1-0: Swinging Strike
1-1: Swinging Strike
1-2: Foul Ball, location: 2F
1-2: Ball
2-2: Foul Ball, location: 2F
2-2: Ball
3-2: Strikes out looking
Batting: RHB Luis Mercado 0-0: Ball
1-0: Ball
2-0: Ball
3-0: Called Strike
3-1: Ground out 6-3 (Groundball, 6)
Top of the 2nd over - 0 runs, 0 hits, 0 errors, 0 left on base; Savannah 3 - Scottsdale 0
BOTTOM OF THE 2ND
Scottsdale Scorpions batting - Pitching for Savannah Hogs : RHP John Allen
Batting: SHB Juan Gonzáles 0-0: Called Strike
0-1: SINGLE (Flyball, 78M)
Batting: RHB Ronald Smith 0-0: Fly out, F8 (Flyball, 8RM)
Batting: RHB Mike Hall 0-0: Called Strike
0-1: Foul Ball, location: 2F
0-2: Foul Ball, location: 2F
0-2: Ball
1-2: Fly out, F9 (Flyball, 9LM)
Batting: LHB Ángel De Jesús 0-0: Ball
1-0: Called Strike
1-1: Ball
2-1: Ball
Wild Pitch!
Juan Gonzáles to second
3-1: Foul Ball, location: 2F
3-2: Strikes out looking
Bottom of the 2nd over - 0 runs, 1 hit, 0 errors, 1 left on base; Savannah 3 - Scottsdale 0
TOP OF THE 3RD
Savannah Hogs batting - Pitching for Scottsdale Scorpions : RHP Héctor Martínez
Batting: LHB Alberto Castellanos 0-0: Ball
1-0: SINGLE (Groundball, 4MD)
Batting: RHB Wilson Ortíz 0-0: Called Strike
0-1: Ball
1-1: Ball
2-1: Foul Ball, location: 2F
2-2: Ball
3-2: SINGLE (Groundball, 3D)
Alberto Castellanos to second
Runner from 2nd tries for 3rd, OUT!
Batting: RHB Lewis Childress 0-0: Ball
1-0: Called Strike
1-1: Fly out, F7 (Flyball, 7S)
Batting: LHB António Gutiérrez 0-0: Ball
1-0: Swinging Strike
1-1: Called Strike
1-2: Strikes out swinging
Top of the 3rd over - 0 runs, 2 hits, 0 errors, 1 left on base; Savannah 3 - Scottsdale 0
BOTTOM OF THE 3RD
Scottsdale Scorpions batting - Pitching for Savannah Hogs : RHP John Allen
Batting: RHB Robinson Fernández 0-0: Ball
1-0: Foul Ball, location: 2F
1-1: SINGLE (Groundball, 4S) (infield hit)
Batting: RHB Javier Gonzáles 0-0: Fly out, F8 (Line Drive, 8RD)
Batting: RHB Manny Moreno 0-0: Foul Ball, location: 2F
0-1: Ball
1-1: Ball
2-1: Ball
3-1: Fly out, F5 (Line Drive, 5)
Batting: RHB José Martínez 0-0: Ball
1-0: Ball
2-0: Ball
3-0: Called Strike
3-1: Ground out 4-3 (Groundball, 4)
Bottom of the 3rd over - 0 runs, 1 hit, 0 errors, 1 left on base; Savannah 3 - Scottsdale 0
TOP OF THE 4TH
Savannah Hogs batting - Pitching for Scottsdale Scorpions : RHP Héctor Martínez
Batting: RHB Jorge Chávez 0-0: Ball
1-0: Swinging Strike
1-1: Ball
2-1: Foul Ball, location: 2F
2-2: Strikes out swinging
Batting: RHB Gilberto Bautista 0-0: Swinging Strike
0-1: Foul Ball, location: 2F
0-2: Ground out 4-3 (Groundball, 4M)
Batting: RHB Richard Cardoza 0-0: Called Strike
0-1: Foul Ball, location: 2F
0-2: Strikes out looking
Top of the 4th over - 0 runs, 0 hits, 0 errors, 0 left on base; Savannah 3 - Scottsdale 0
BOTTOM OF THE 4TH
Scottsdale Scorpions batting - Pitching for Savannah Hogs : RHP John Allen
Batting: LHB Manny Vigil 0-0: Called Strike
0-1: Ball
1-1: Ball
2-1: Ground out 6-3 (Groundball, 6D)
Batting: SHB Juan Gonzáles 0-0: Ball
1-0: Ground out U3 (Groundball, 34)
Batting: RHB Ronald Smith 0-0: Ball
1-0: Ball
2-0: SINGLE (Groundball, 6) (infield hit)
Batting: RHB Mike Hall 0-0: Swinging Strike
0-1: Ball
1-1: Swinging Strike
1-2: Strikes out looking
Bottom of the 4th over - 0 runs, 1 hit, 0 errors, 1 left on base; Savannah 3 - Scottsdale 0
TOP OF THE 5TH
Savannah Hogs batting - Pitching for Scottsdale Scorpions : RHP Héctor Martínez
Batting: RHB António Rodríguez 0-0: Ball
1-0: Fly out, F8 (Flyball, 89D)
Batting: RHB Luis Mercado 0-0: Called Strike
0-1: Ball
1-1: Ball
2-1: Ball
3-1: Foul Ball, location: 2F
3-2: Foul Ball, location: 2F
3-2: Base on Balls
Batting: LHB Alberto Castellanos 0-0: Ball
1-0: Foul Ball, location: 2F
1-1: Ball
2-1: Fly out, F1 (Popup, 15)
Batting: RHB Wilson Ortíz 0-0: Foul Ball, location: 2F
0-1: Foul Ball, location: 2F
0-2: Fly out, F4 (Line Drive, 34)
Top of the 5th over - 0 runs, 0 hits, 0 errors, 1 left on base; Savannah 3 - Scottsdale 0
BOTTOM OF THE 5TH
Scottsdale Scorpions batting - Pitching for Savannah Hogs : RHP John Allen
Batting: LHB Ángel De Jesús 0-0: Ball
1-0: Ball
2-0: SINGLE (Line Drive, 4MD)
Batting: RHB Robinson Fernández 0-0: Ball
1-0: Ball
2-0: Fly out, F7 (Flyball, 7S)
Batting: RHB Javier Gonzáles 0-0: Called Strike
0-1: Ball
1-1: Foul Ball, location: 2F
1-2: Foul Ball, location: 2F
1-2: Strikes out swinging
Batting: RHB Manny Moreno 0-0: Ball
1-0: Fly out, F9 (Flyball, 9D)
Bottom of the 5th over - 0 runs, 1 hit, 0 errors, 1 left on base; Savannah 3 - Scottsdale 0
TOP OF THE 6TH
Savannah Hogs batting - Pitching for Scottsdale Scorpions : RHP Héctor Martínez
Batting: RHB Lewis Childress 0-0: Ball
1-0: Called Strike
1-1: Fly out, F5 (Popup, 56S)
Batting: LHB António Gutiérrez 0-0: Called Strike
0-1: SINGLE (Line Drive, 34D)
Batting: RHB Jorge Chávez 0-0: Ball
1-0: Ball
2-0: Grounds into double play, 5-4-3 (Groundball, 5)
Top of the 6th over - 0 runs, 1 hit, 0 errors, 0 left on base; Savannah 3 - Scottsdale 0
BOTTOM OF THE 6TH
Scottsdale Scorpions batting - Pitching for Savannah Hogs : RHP John Allen
Batting: RHB José Martínez 0-0: Ball
1-0: Ball
2-0: Called Strike
2-1: DOUBLE (Line Drive, 8LD)
Batting: LHB Manny Vigil 0-0: Ball
1-0: Ball
2-0: Ball
3-0: Called Strike
3-1: Called Strike
3-2: Foul Ball, location: 2F
3-2: Foul Ball, location: 2F
3-2: SINGLE (Groundball, 4MD)
José Martínez to third
Runner from 3rd tries for Home, SAFE, no throw
Batting: SHB Juan Gonzáles 0-0: Ball
Wild Pitch!
Manny Vigil to second
1-0: Ball
2-0: Foul Ball, location: 2F
2-1: Foul Ball, location: 2F
2-2: Fly out, F9 (Flyball, 9S)
Pitching: RHP Gabriel Quintero
Batting: RHB Ronald Smith 0-0: Ball
1-0: DOUBLE (Line Drive, 9LM)
Manny Vigil scores
Batting: RHB Mike Hall 0-0: Called Strike
0-1: Ball
1-1: Ball
2-1: Ball
3-1: Base on Balls
Batting: LHB Ángel De Jesús 0-0: Called Strike
0-1: Ball
1-1: Ball
2-1: Foul Ball, location: 2F
2-2: Fly out, F8 (Flyball, 78D)
Batting: RHB Robinson Fernández 0-0: Foul Ball, location: 2F
0-1: Ball
1-1: Ball
2-1: Ball
3-1: Base on Balls
Ronald Smith to third
Mike Hall to second
Batting: RHB Javier Gonzáles 0-0: Fielders Choice at 2nd, 6-4 (Groundball, 56)
Bottom of the 6th over - 2 runs, 3 hits, 0 errors, 3 left on base; Savannah 3 - Scottsdale 2
TOP OF THE 7TH
Savannah Hogs batting - Pitching for Scottsdale Scorpions : RHP Héctor Martínez
Batting: RHB Gilberto Bautista 0-0: Ball
1-0: Foul Ball, location: 2F
1-1: Fly out, F7 (Flyball, 7LDF)
Batting: RHB Richard Cardoza 0-0: Ball
1-0: Ball
2-0: SINGLE (Line Drive, 7S)
Pinch Hitting: RHB Tucker Cooper 0-0: Called Strike
0-1: SINGLE (Groundball, 56D)
Richard Cardoza to second
Pitching: RHP Salvador Ortíz
Pinch Hitting: SHB Juan Chávez 0-0: Swinging Strike
0-1: Ball
1-1: Ball
2-1: Called Strike
2-2: Ball
3-2: Fielders Choice at 2nd, 3-6 (Groundball, 34)
Richard Cardoza to third
Batting: LHB Alberto Castellanos 0-0: DOUBLE (Line Drive, 89XD)
Richard Cardoza scores
Juan Chávez to third
Batting: RHB Wilson Ortíz 0-0: Intentional Walk
Pinch Hitting: RHB Orlando Márquez 0-0: Foul Ball, location: 2F
0-1: Ground out 4-3 (Groundball, 4S)
Top of the 7th over - 1 run, 3 hits, 0 errors, 3 left on base; Savannah 4 - Scottsdale 2
BOTTOM OF THE 7TH
Scottsdale Scorpions batting - Pitching for Savannah Hogs : RHP Gabriel Quintero
Now at 2B: Juan Chávez
Now at SS: Júlio Contreras
Now in RF: Orlando Márquez
Batting: RHB Manny Moreno 0-0: Swinging Strike
0-1: Swinging Strike
0-2: Foul Ball, location: 2F
0-2: Strikes out swinging
Batting: RHB José Martínez 0-0: Ball
1-0: Ball
2-0: Foul Ball, location: 2F
2-1: Ground out 5-3 (Groundball, 56)
Batting: LHB Manny Vigil 0-0: Foul Ball, location: 2F
0-1: Foul Ball, location: 2F
0-2: Ball
1-2: Ball
2-2: Fly out, F7 (Flyball, 7D)
Bottom of the 7th over - 0 runs, 0 hits, 0 errors, 0 left on base; Savannah 4 - Scottsdale 2
TOP OF THE 8TH
Savannah Hogs batting - Pitching for Scottsdale Scorpions : RHP Salvador Ortíz
Batting: LHB António Gutiérrez 0-0: Called Strike
0-1: SINGLE (Line Drive, 4D)
Batting: RHB Jorge Chávez 0-0: Foul Ball, location: 2F
0-1: Called Strike
0-2: Ball
1-2: Strikes out looking
Batting: RHB Gilberto Bautista 0-0: Called Strike
0-1: Called Strike
0-2: Foul Ball, location: 2F
0-2: Ball
1-2: Ball
2-2: Ball
3-2: Strikes out swinging
Batting: RHB Richard Cardoza 0-0: Foul Ball, location: 2F
0-1: Fly out, F9 (Flyball, 9LS)
Top of the 8th over - 0 runs, 1 hit, 0 errors, 1 left on base; Savannah 4 - Scottsdale 2
BOTTOM OF THE 8TH
Scottsdale Scorpions batting - Pitching for Savannah Hogs : RHP Gabriel Quintero
Now at 1B: Juan Morales
Batting: SHB Juan Gonzáles 0-0: Called Strike
0-1: Reached on error, E6 (Groundball, 6)
Batting: RHB Ronald Smith 0-0: SINGLE (Line Drive, 4MD)
Juan Gonzáles to third
Pinch Hitting: RHB Steve Boyer 0-0: Called Strike
0-1: Ball
1-1: Ball
2-1: Foul Ball, location: 2F
2-2: Strikes out swinging
Batting: LHB Ángel De Jesús 0-0: Fly out, F9 (Flyball, 9)
Runner from 3rd tags up, OUT at HOME
Bottom of the 8th over - 0 runs, 1 hit, 1 error, 1 left on base; Savannah 4 - Scottsdale 2
TOP OF THE 9TH
Savannah Hogs batting - Pitching for Scottsdale Scorpions : RHP Salvador Ortíz
Pitching: RHP José Zamora
Now in RF: Bartolo Baruffaldi
Batting: RHB Júlio Contreras 0-0: Ball
1-0: Ball
2-0: Called Strike
2-1: Fly out, F7 (Flyball, 7S)
Batting: SHB Juan Chávez 0-0: Ball
1-0: SINGLE (Line Drive, 6M)
Batting: LHB Alberto Castellanos 0-0: Ball
1-0: Swinging Strike
1-1: Ball
Juan Chávez steals 2nd base
2-1: Intentional Walk
Batting: RHB Wilson Ortíz 0-0: Foul Ball, location: 2F
0-1: Ball
1-1: Ball
2-1: Ball
3-1: Base on Balls
Juan Chávez to third
Alberto Castellanos to second
Batting: RHB Orlando Márquez 0-0: Ball
1-0: Ball
2-0: Ball
3-0: Base on Balls
Juan Chávez scores
Alberto Castellanos to third
Wilson Ortíz to second
Batting: LHB António Gutiérrez 0-0: Ball
1-0: Called Strike
1-1: Foul Ball, location: 2F
1-2: Ball
2-2: Ball
3-2: Base on Balls
Alberto Castellanos scores
Wilson Ortíz to third
Orlando Márquez to second
Batting: RHB Jorge Chávez 0-0: Foul Ball, location: 2F
0-1: Ball
1-1: Ball
2-1: Foul Ball, location: 2F
2-2: GRAND SLAM HOME RUN (Flyball, 7LD), Distance : 333 ft
Pitching: RHP Pablo Martínez
Batting: RHB Gilberto Bautista 0-0: Called Strike
0-1: Swinging Strike
0-2: Ball
1-2: Strikes out swinging
Batting: RHB Juan Morales 0-0: Ball
1-0: Foul Ball, location: 2F
1-1: Swinging Strike
1-2: Fly out, F4 (Popup, 4M)
Top of the 9th over - 6 runs, 2 hits, 0 errors, 0 left on base; Savannah 10 - Scottsdale 2
BOTTOM OF THE 9TH
Scottsdale Scorpions batting - Pitching for Savannah Hogs : RHP Gabriel Quintero
Batting: RHB Robinson Fernández 0-0: Called Strike
0-1: Foul Ball, location: 2F
0-2: Ball
1-2: Ball
2-2: Foul Ball, location: 2F
2-2: TRIPLE (Flyball, 89XD)
Batting: RHB Javier Gonzáles 0-0: Ball
1-0: Called Strike
1-1: Ball
2-1: Foul Ball, location: 2F
2-2: Ball
3-2: Base on Balls
Batting: RHB Manny Moreno 0-0: Foul Ball, location: 2F
0-1: Ball
1-1: Fly out, F6 (Line Drive, 6)
Batting: RHB José Martínez 0-0: Called Strike
0-1: Ball
1-1: Ball
2-1: Grounds into double play, 5-4-3 (Groundball, 56)
Bottom of the 9th over - 0 runs, 1 hit, 0 errors, 1 left on base; Savannah 10 - Scottsdale 2
Saturday, December 16th, 2017 - OOTP Baseball 18.8 Build 76